 Dungeon Crawl Stone Soup version 0.28-a0-796-gd4f0d3f9b2 (webtiles) character file.

Game seed: 15951528400799537098

123 Astera the Cutter (level 5, 0/33 HPs)
             Began as a Kobold Berserker on Nov 6, 2021.
             Was a Believer of Trog.
             Succumbed to a water moccasin's poison
             ... on level 2 of the Dungeon.
             The game lasted 00:13:08 (2915 turns).

Astera the Cutter (Kobold Berserker)                Turns: 2915, Time: 00:13:08

Health: 0/33       AC:  4    Str: 14    XL:     5   Next: 28%
Magic:  5/5        EV: 15    Int:  9    God:    Trog [**....]
Gold:   150        SH:  0    Dex: 15    Spells: 4/4 levels left

rFire   . . .      SeeInvis .   a - +0 short sword
rCold   . . .      Faith    .   (shield restricted)
rNeg    . . .      Spirit   .   b - +0 animal skin
rPois   .          Reflect  .   (no helmet)
rElec   .          Harm     .   d - +0 cloak
rCorr   .          Rampage  .   (no gloves)
Will    .....                   e - +0 pair of boots
Stlth   ++++......              (no amulet)
HPRegen 0.11/turn               (no ring)
MPRegen 0.09/turn               (no ring)

@: lethally poisoned (0 -> -8)
A: small, no large weapons, nightstalker 3
a: Renounce Religion, Berserk, Trog's Hand


You were on level 2 of the Dungeon.
You worshipped Trog.
Trog was pleased with you.
You visited 1 branch of the dungeon, and saw 3 of its levels.

You collected 150 gold pieces.

Inventory:

Hand Weapons
 a - a +0 short sword (weapon)
Armour
 b - a +0 animal skin (worn)
 d - a +0 cloak (worn)
 e - a +0 pair of boots (worn)
Scrolls
 c - a scroll of identify
 f - a scroll of torment {unknown}
 h - a scroll of fear {unknown}
 j - a scroll of teleportation {unknown}
 k - a scroll of enchant weapon {unknown}
 l - a scroll of immolation {unknown}
 m - a scroll of fog {unknown}
Potions
 g - a potion of attraction {unknown}
 i - a potion of heal wounds {unknown}


   Skills:
 + Level 3.8 Fighting
 + Level 4.7 Short Blades
 - Level 1.6 Armour
 + Level 3.0 Dodging
 * Level 4.7 Stealth


You had 4 spell levels left.
You didn't know any spells.
Your spell library was empty.

Dungeon Overview and Level Annotations

Branches:
Dungeon (3/15)

Altars:

Shops:
D:1 =?=


Innate Abilities, Weirdness & Mutations

You are small and have problems with some larger weapons.
You are completely attuned to the shadows.


Message History

You hit the water moccasin but do no damage.
The water moccasin is lightly wounded.
The water moccasin bites you. The water moccasin closely misses you.
You hit the water moccasin but do no damage.
The water moccasin is lightly wounded.
The water moccasin closely misses you.
You barely miss the water moccasin.
The water moccasin is lightly wounded.
The water moccasin misses you.
You hit the water moccasin.
The water moccasin is lightly wounded.
The water moccasin bites you.
You closely miss the water moccasin.
The water moccasin is lightly wounded.
The water moccasin barely misses you.
You closely miss the water moccasin.
The water moccasin is lightly wounded.
The water moccasin misses you.
The water moccasin completely misses you.
You hit the water moccasin but do no damage.
The water moccasin is lightly wounded.
The water moccasin bites you.
You are poisoned.
The water moccasin poisons you!
You feel very sick.
The water moccasin completely misses you.
You feel sick. The water moccasin misses you. The water moccasin bites you.
You are lethally poisoned!
The water moccasin poisons you!
You feel very sick.
* * * LOW HITPOINT WARNING * * *
You feel very sick.
* * * LOW HITPOINT WARNING * * *
You feel very sick. The water moccasin closely misses you.
There is a stone staircase leading up here.
* * * LOW HITPOINT WARNING * * *
You feel sick. The water moccasin closely misses you.
You climb upwards.
You die...

....##...##.#####................
###..#...#..#.............###....
# ##...>......##........>.#......
# ##....#.#####............##.##
# #......................###.##
######........#............###..#
....##..............##..........#
.................#..............#
##.###....##...S@...............#
#.#...............###...........
##.............)....).÷.)........
...................###...........
.............................<...
...................###...........
.................................
.........#.##..........###.......
...........#..##.....#..†....##..


You could see a water moccasin.

Vanquished Creatures
  Terence (D:1)
  3 adders
  A worm (D:3)
  A dart slug (D:1)
  6 ball pythons
  4 bats
  10 endoplasms
  2 giant cockroaches (D:1)
  7 goblins
  4 hobgoblins
  5 kobolds
  5 quokkas
  A frilled lizard (D:2)
  8 rats
58 creatures vanquished.

Notes
Turn   | Place    | Note
-------+----------+-------------------------------------------
     0 | D:1      | Astera the Kobold Berserker began the quest for the Orb.
     0 | D:1      | Reached XP level 1. HP: 14/14 MP: 1/1
    91 | D:1      | Reached XP level 2. HP: 19/19 MP: 2/2
   125 | D:1      | Found Janil's Magic Scroll Boutique.
   205 | D:1      | Found a faded altar of an unknown god.
   208 | D:1      | Found Jag Powk's Jewellery Shop.
   214 | D:1      | Reached skill level 1 in Stealth
   486 | D:1      | Reached XP level 3. HP: 24/24 MP: 3/3
   940 | D:1      | Reached ** piety under Trog
  1386 | D:1      | Found Yluriuw's Jewellery Shop.
  1536 | D:2      | Noticed Terence
  1551 | D:1      | Killed Terence
  1552 | D:1      | Reached XP level 4. HP: 9/29 MP: 4/4
  2274 | D:2      | Reached XP level 5. HP: 30/33 MP: 5/5
  2749 | D:3      | Noticed a water moccasin
  2915 | D:2      | Succumbed to a water moccasin's poison

Illustrated notes

Levels and vault maps discovered:
D:1:      psy_arrival_terrarium, layout_loops_corners,
          hellmonk_ecumenical_altar_heavens_door, serial_shops, shop,
          nicolae_lakefront_shop, shop, chequers_serial_rivers_room_a,
          minivault_25, chequers_serial_rivers_small_b
D:2:      layout_rooms, uniq_terence
D:3:      layout_basic

Skill      XL: |  1  2  3  4  5 |
---------------+----------------+-----
Stealth        | 1 3 4 |  4.7
Dodging        | 3 |  3.0
Fighting       | |  3.8
Short Blades   | |  4.7
Armour         | |  1.6

Action                   |  1- 3 |  4- 6 || total
-------------------------+-------+-------++-------
Melee: Short sword       |    93 |    76 ||   169
  Use: Scroll            |       |     1 ||     1
 Stab: Sleeping          |    21 |     9 ||    30
       Distracted        |       |     1 ||     1
Armor: Animal skin       |    12 |    10 ||    22
Dodge: Dodged            |    53 |    42 ||    95

Table legend: (Time is in decaauts)
 A = Elapsed time spent in this place.
 B = Non-inter-level travel time spent in this place.
 C = Inter-level travel time spent in this place.
 D = Time resting spent in this place.
 E = Time spent auto-exploring this place.
 F = Levels seen in this place.
 G = Mean time per level.
                   A        B        C        D        E       F      G
               +--------+--------+--------+--------+--------+-----+--------+
         Total |   2904 |   2772 |    132 |    366 |   1211 |   3 |  968.0 |
       Dungeon |   2904 |   2772 |    132 |    366 |   1211 |   3 |  968.0 |
               +--------+--------+--------+--------+--------+-----+--------+

Top non-repeatable levels by time:
     D:1: 1834 daAuts
     D:2: 634 daAuts
     D:3: 434 daAuts
